Map: Romanticide LE

Players

PattyMac

  • Race: Protoss Protoss
  • Spawn Location: 5:00

Epic - Winner!

  • Race: Terran Terran
  • League: Grandmaster
  • Spawn Location: 11:00

Event: DreamHack SC2 Masters 2020 Winter

VOD

Have the link to the VOD?

Description

Time

  • Played on: Oct. 15, 2020, 7:56 p.m.
  • Length: 13:01

All games in this series

Show
View Real Time Build Order
Export as new Build Order

PattyMac Protoss 

Build Orders: Oracle Opening, Phoenix Opening 

Get SALT Encoding   

  12  0:00  Probe  
  13  0:13  Probe  
  14  0:17  Pylon  
  14  0:25  Probe (Chrono Boost)  
  16  0:37  Probe (Chrono Boost)  
  16  0:38  Gateway  
  16  0:42  Probe (Chrono Boost)  
  16  0:45  Assimilator  
  17  0:51  Probe  
  17  0:55  Assimilator  
  18  1:03  Probe  
  19  1:11  Pylon  
  19  1:15  Probe  
  20  1:25  Cybernetics Core  
  20  1:27  Probe  
  21  1:39  Probe  
  22  1:52  Probe  
  23  2:01  Adept (Chrono Boost), Stargate  
  23  2:06  Probe  
  23  2:08  Warp Gate  
  26  2:18  Probe  
  27  2:24  Adept  
  29  2:32  Nexus  
  29  2:43  Pylon  
  30  2:56  Adept  
  31  3:00  Oracle (Chrono Boost)  
  34  3:09  Probe (Chrono Boost)  
  35  3:18  Probe (Chrono Boost)  
  36  3:23  Probe (Chrono Boost)  
  36  3:25  Twilight Council  
  37  3:32  Phoenix  
  39  3:43  Probe  
  38  3:57  Adept, Oracle  
  38  3:58  Probe  
  42  4:10  Probe (Chrono Boost)  
  42  4:14  Probe (Chrono Boost)  
  44  4:21  Probe (Chrono Boost)  
  45  4:24  Probe (Chrono Boost)  
  45  4:28  Probe  
  47  4:33  Gateway, Probe  
  47  4:35  Gateway, Phoenix  
  50  4:40  Probe  
  50  4:45  Probe  
  52  4:47  Charge  
  52  4:50  Pylon  
  52  4:53  Probe  
  52  4:57  Probe  
  54  5:05  Pylon  
  54  5:08  Phoenix, Probe  
  57  5:20  Nexus  
  57  5:24  Adept  
  57  5:26  Probe (Chrono Boost)  
  57  5:27  Probe (Chrono Boost)  
  60  5:31  Adept x2  
  60  5:36  Phoenix  
  60  5:39  Probe (Chrono Boost)  
  63  5:45  Probe (Chrono Boost)  
  59  5:58  Adept x3  
  59  6:00  Probe x2  
  67  6:08  Forge  
  67  6:09  Gateway  
  67  6:12  Pylon  
  65  6:22  Phoenix  
  65  6:23  Probe  
  65  6:25  Protoss Ground Weapons Level 1 (Chrono Boost)  
  68  6:35  Probe  
  68  6:37  Probe  
  70  6:43  Probe (Chrono Boost)  
  70  6:46  Zealot x3  
  77  6:51  Gateway, Probe (Chrono Boost)  
  77  6:53  Gateway, Probe (Chrono Boost)  
  79  6:56  Probe (Chrono Boost)  
  82  7:03  Probe x2 (Chrono Boost)  
  82  7:04  Probe (Chrono Boost)  
  82  7:06  Gateway  
  82  7:08  Gateway  
  83  7:10  Gateway  
  83  7:13  Probe (Chrono Boost)  
  83  7:14  Pylon, Probe (Chrono Boost)  
  85  7:20  Assimilator  
  85  7:22  Assimilator  
  87  7:24  Assimilator, Probe x2 (Chrono Boost)  
  87  7:28  Probe (Chrono Boost)  
  88  7:35  Probe  
  89  7:37  Zealot x3  
  93  7:45  Probe  
  93  7:46  Phoenix (Chrono Boost)  
  93  7:51  Zealot x2  
  100  7:53  Probe  
  100  7:54  Assimilator  
  101  7:59  Pylon  
  101  8:00  Pylon  
  101  8:01  Templar Archives  
  101  8:02  Pylon  
  101  8:17  Phoenix, Probe (Chrono Boost)  
  101  8:18  Zealot x5  
  114  8:23  Probe (Chrono Boost)  
  114  8:26  Robotics Facility, Probe (Chrono Boost)  
  116  8:30  Probe (Chrono Boost)  
  116  8:33  Protoss Ground Armor Level 1  
  118  8:38  Probe (Chrono Boost)  
  116  8:42  Zealot x3  
  116  8:43  High Templar  
  124  8:51  Pylon  
  118  9:04  Zealot x3  
  118  9:05  Zealot  
  102  9:21  Zealot  
  102  9:22  Zealot x3  
  82  9:26  Zealot x2  
  82  9:27  Zealot  
  82  9:31  Robotics Bay, Zealot, Immortal (Chrono Boost)  
  76  9:32  Robotics Facility  
  82  9:39  Shield Battery  
  82  9:43  High Templar x4  
  90  9:47  Archon x2  
  88  9:58  Sentry x3  
  88  9:59  Zealot  
  92  10:02  Immortal (Chrono Boost)  
  86  10:11  Blink  
  84  10:15  Stalker  
  84  10:16  Stalker x2, Zealot  
  92  10:25  Zealot x2  
  92  10:26  Colossus (Chrono Boost), Zealot x2  
  98  10:37  Sentry  
  98  10:39  Sentry  
  98  10:40  Zealot x2  
  106  10:49  Zealot x3  
  98  11:01  Gateway  
  104  11:06  Zealot x3  
  104  11:08  Colossus (Chrono Boost)  
  110  11:11  Stalker x2  
  110  11:17  Colossus (Chrono Boost)  
  120  11:24  Stalker x2  
  123  11:34  Zealot x3  
  129  11:52  Dark Shrine  
  130  11:56  High Templar  
  130  11:57  High Templar  
  130  12:00  Pylon  
  132  12:03  Archon  
  132  12:06  Nexus  
  105  12:19  Observer (Chrono Boost)  
  105  12:21  Stalker x5  
  112  12:23  Probe x2  
  112  12:26  Zealot  
  114  12:31  Probe  
  114  12:35  Probe x2  
  100  12:45  Probe (Chrono Boost)  
  100  12:46  Assimilator  
  100  12:47  Probe (Chrono Boost)  
  100  12:51  Probe (Chrono Boost)  
Show
View Real Time Build Order
Export as new Build Order

Epic Terran - Winner!

Build Orders: Banshee Rush 

Get SALT Encoding   

  12  0:00  SCV  
  13  0:12  SCV  
  14  0:17  Supply Depot  
  14  0:24  SCV  
  15  0:38  SCV  
  15  0:40  Barracks  
  15  0:42  Refinery  
  16  0:50  SCV  
  17  1:02  SCV  
  18  1:15  SCV  
  19  1:27  Orbital Command, Reaper  
  20  1:45  Refinery  
  20  1:48  Supply Depot  
  20  1:53  SCV  
  21  1:59  Marine  
  22  2:01  Factory  
  22  2:05  SCV  
  23  2:18  Command Center  
  23  2:20  SCV  
  23  2:22  Barracks Reactor  
  23  2:32  SCV  
  24  2:46  Starport, Factory Tech Lab  
  24  2:47  SCV  
  25  2:58  Marine  
  26  2:59  SCV  
  26  3:05  Cyclone  
  30  3:11  SCV  
  31  3:25  Supply Depot  
  31  3:29  Marine x2  
  31  3:30  SCV  
  31  3:31  Orbital Command  
  34  3:42  SCV  
  34  3:43  Cloaking Field  
  34  3:44  Banshee  
  36  3:54  SCV, Marine  
  38  3:56  Orbital Command  
  38  4:06  SCV  
  39  4:10  Factory Tech Lab  
  39  4:14  Marine x2  
  41  4:18  SCV  
  41  4:24  SCV  
  41  4:28  Banshee  
  41  4:31  SCV  
  46  4:34  Marine x2  
  46  4:38  SCV  
  49  4:39  Siege Tank  
  49  4:41  Supply Depot  
  49  4:43  SCV  
  53  4:53  Marine  
  54  5:02  Command Center  
  54  5:03  SCV x2  
  54  5:06  Supply Depot  
  57  5:15  SCV  
  57  5:16  SCV  
  58  5:21  Siege Tank  
  58  5:22  Barracks  
  58  5:25  Barracks  
  61  5:29  SCV x2  
  61  5:30  Marine, Stimpack  
  64  5:37  Bunker x2  
  64  5:41  SCV x2  
  58  5:52  Marine  
  58  5:53  Siege Tank  
  58  5:54  SCV x2  
  58  5:56  Bunker  
  56  6:01  Refinery  
  56  6:02  Engineering Bay  
  56  6:03  Refinery, Starport Reactor  
  52  6:06  SCV x2  
  54  6:14  Marine x4  
  54  6:16  Orbital Command  
  54  6:18  SCV x2  
  59  6:32  Marine x4, Siege Tank  
  61  6:34  SCV x2  
  65  6:42  Missile Turret  
  65  6:45  SCV  
  65  6:46  SCV x2  
  68  6:47  Terran Infantry Weapons Level 1  
  68  6:49  Medivac  
  68  6:51  Marine x2  
  68  6:52  Marine x2  
  74  6:57  Medivac  
  74  6:58  Supply Depot  
  74  7:01  Orbital Command  
  76  7:02  SCV x2  
  78  7:09  Barracks  
  78  7:10  Combat Shield  
  78  7:12  Factory Reactor  
  78  7:14  SCV x2  
  80  7:17  Barracks  
  80  7:20  Missile Turret  
  80  7:24  Marauder x2  
  80  7:28  Marine x2  
  85  7:33  Missile Turret  
  77  7:37  SCV x3  
  74  7:44  Medivac x2  
  74  7:50  SCV x3  
  78  7:56  Marauder x2  
  82  7:59  Widow Mine x2  
  82  8:00  Concussive Shells  
  82  8:02  SCV x3  
  82  8:03  Marine  
  90  8:07  Marine x3  
  93  8:14  SCV x3  
  93  8:16  Supply Depot  
  93  8:19  Supply Depot  
  96  8:21  Widow Mine x2  
  96  8:27  SCV  
  101  8:33  Barracks Tech Lab  
  101  8:37  Marine x2, Medivac, SCV x2  
  101  8:38  Marauder  
  101  8:40  Barracks Reactor  
  101  8:41  Marauder, SCV, Supply Depot  
  112  8:44  Supply Depot  
  112  8:50  SCV x2  
  112  8:51  Widow Mine  
  112  8:53  SCV  
  112  8:54  Supply Depot  
  117  9:00  Widow Mine  
  117  9:02  SCV x2  
  117  9:03  Marauder x3  
  123  9:10  Terran Infantry Armor Level 1  
  123  9:11  Supply Depot  
  123  9:12  Supply Depot  
  112  9:20  SCV x3  
  112  9:21  Medivac  
  105  9:27  Marauder x2  
  109  9:31  Marine  
  109  9:32  Marine x4  
  109  9:35  Widow Mine  
  109  9:36  Widow Mine  
  118  9:41  SCV  
  118  9:42  SCV x2, Refinery  
  118  9:44  Command Center  
  121  9:48  Marine x2  
  121  9:52  Marine x4, Marauder  
  128  9:55  SCV x3  
  128  9:58  Refinery  
  130  10:03  Widow Mine x2  
  130  10:06  Marauder  
  131  10:09  Medivac x2  
  131  10:10  Marauder, SCV x2  
  131  10:11  SCV  
  140  10:14  Barracks  
  140  10:15  Marauder, Barracks x2, Marine  
  140  10:16  Marine x2  
  140  10:17  Marine  
  146  10:26  Widow Mine x2  
  149  10:33  Marauder x2, Marine x2  
  149  10:34  Marine  
  149  10:35  Marine  
  157  10:40  Armory  
  157  10:41  Engineering Bay  
  157  10:45  Marauder, Medivac x2  
  150  10:53  Widow Mine x2  
  148  10:59  SCV x2  
  148  11:00  SCV  
  148  11:03  Barracks Tech Lab x3  
  148  11:04  Marine x4, Marauder x2  
  156  11:06  Marauder  
  159  11:13  SCV x3  
  162  11:25  Ghost Academy  
  162  11:26  Marauder x3  
  162  11:27  Viking x2  
  162  11:30  Planetary Fortress  
  172  11:33  Supply Depot  
  172  11:34  Supply Depot  
  172  11:45  Marine  
  172  11:46  Marine  
  172  11:54  Marine x2  
  172  11:55  Marauder x3, Marine  
  172  11:56  Marauder  
  172  11:58  Viking x2  
  183  12:16  SCV x3  
  183  12:17  Marauder  
  183  12:21  Supply Depot  
  188  12:22  Supply Depot  
  188  12:25  Marine x2, Marauder x2  
  188  12:29  Ghost  
  186  12:30  Ghost  
  186  12:35  Supply Depot  
  183  12:37  Supply Depot  
  183  12:40  SCV x4  
  178  12:45  Refinery  
  178  12:46  Refinery  
Tags
 
Add a new tag
Caveats
  • Supply blocks, unpowered buildings, or Contaminate may cause inaccurate times.
  • Supply counts are checked every 10 seconds.